 Dungeon Crawl Stone Soup version 0.22.0-38-g04b72b8 (webtiles) character file.

2040 Monsterracer the Thaumaturge (level 9, -5/65 HPs)
             Began as a Gnoll Wizard on Aug 30, 2018.
             Was a Follower of Vehumet.
             Killed by divine providence
             ... invoked by an orc priest
              (17 damage)
             ... on level 6 of the Dungeon.
             The game lasted 00:11:13 (7742 turns).

Monsterracer the Thaumaturge (Gnoll Wizard)         Turns: 7742, Time: 00:11:14

Health: -5/65      AC: 16    Str: 10    XL:     9   Next: 24%
Magic:  21/21      EV: 13    Int: 24    God:    Vehumet [*.....]
Gold:   233        SH:  0    Dex: 13    Spells: 14/24 levels left

rFire    . . .     SeeInvis .   b - +2 flail (holy)
rCold    + . .     Gourm    .   (no shield)
rNeg     . . .     Faith    .   p - +0 ring mail
rPois    .         Spirit   .   q - +2 helmet
rElec    .         Reflect  .   l - +2 cloak
rCorr    .         Harm     .   (no gloves)
MR       .....                  x - +0 pair of boots
Stlth    ++........             (no amulet)
HPRegen  0.20/turn              n - +3 ring of protection
MPRegen  0.17/turn              r - ring of protection from cold {!d}

@: no status effects
A: distributed training, fangs 1, strong nose
a: Renounce Religion


You were on level 6 of the Dungeon.
You worshipped Vehumet.
Vehumet was aware of your devotion.
You were not hungry.

You visited 2 branches of the dungeon, and saw 7 of its levels.

You collected 233 gold pieces.

Inventory:

Hand Weapons
 a - a +0 trident
 b - a +2 flail of holy wrath (weapon)
Missiles
 k - a throwing net (quivered)
Armour
 l - a +2 cloak (worn)
 p - a +0 ring mail (worn)
 q - a +2 helmet (worn)
 x - a +0 pair of boots (worn)
 y - a +1 robe of cold resistance
Jewellery
 n - a +3 ring of protection (left hand)
 r - a ring of protection from cold (right hand) {!d}
Wands
 o - a wand of acid (11)
 t - a wand of iceblast (14)
 w - a wand of paralysis (19)
Scrolls
 f - 4 scrolls of identify
 g - 3 scrolls of blinking
 s - a scroll of remove curse
 u - a scroll of teleportation {!r}
Potions
 d - 2 potions of curing
 e - a potion of invisibility
 h - a potion of agility
 i - a potion of ambrosia {!q}
 j - a potion of lignification
 m - a potion of flight
 v - a potion of haste
Comestibles
 c - 8 rations
 z - 2 chunks of flesh


   Skills:
 + Level 4.0 Fighting
 + Level 4.0 Short Blades
 + Level 4.0 Long Blades
 + Level 4.0 Axes
 + Level 4.0 Maces & Flails
 + Level 4.0 Polearms
 + Level 4.0 Staves
 + Level 4.0 Slings
 + Level 4.0 Bows
 + Level 4.0 Crossbows
 + Level 4.0 Throwing
 + Level 4.0 Armour
 + Level 6.1 Dodging
 + Level 5.8 Stealth
 + Level 4.0 Shields
 + Level 4.0 Unarmed Combat
 + Level 8.2 Spellcasting
 + Level 4.0 Conjurations
 + Level 3.2 Hexes
 + Level 3.2 Charms
 + Level 4.0 Summonings
 + Level 3.2 Necromancy
 + Level 4.0 Translocations
 + Level 3.2 Transmutations
 + Level 3.2 Fire Magic
 + Level 3.2 Ice Magic
 + Level 3.2 Air Magic
 + Level 3.2 Earth Magic
 + Level 3.2 Poison Magic
 + Level 4.4 Invocations
 + Level 4.0 Evocations


You had 14 spell levels left.
You knew the following spells:

 Your Spells              Type           Power        Failure   Level  Hunger
a - Magic Dart            Conj           ####         3%          1    None
b - Conjure Flame         Conj/Fire      ####....     11%         3    None
c - Mephitic Cloud        Conj/Pois/Air  ####....     11%         3    None
e - Blink                 Tloc           N/A          4%          2    None
z - Apportation           Tloc           ####..       3%          1    None

Your spell library contained the following spells:

 Spells                   Type           Power        Failure   Level  Hunger
 Sandblast                Erth           ####..       4%          1    None
 Summon Small Mammal      Summ           ####         3%          1    None
 Animate Skeleton         Necr           N/A          4%          1    None
 Confusing Touch          Hex            ####..       4%          1    None
 Call Imp                 Summ           ####....     4%          2    None
 Slow                     Hex            ####....     6%          2    None
 Gell's Gravitas          Tloc           ####......   9%          3    None
 Confuse                  Hex            ####....     12%         3    None
 Petrify                  Tmut/Erth      ####....     36%         4    ##.....
 Metabolic Englaciation   Hex/Ice        ####......   73%         5    #####..
 Yara's Violent Unravell  Hex/Tmut       ####......   73%         5    #####..


Dungeon Overview and Level Annotations

Branches:
Dungeon (6/15)             Temple (1/1) D:4

Altars:
Ashenzari
Cheibriados
Dithmenos
Elyvilon
Fedhas
Gozag
Kikubaaqudgha
Makhleb
Nemelex Xobeh
Okawaru
Qazlal
Ru
Sif Muna
Trog
Uskayaw
Vehumet
Xom
Yredelemnul
Zin
The Shining One


Innate Abilities, Weirdness & Mutations

Your experience applies equally to all skills.
You have very sharp teeth.
Your uncanny sense of smell can sniff out nearby items.


Message History

The orc appears confused.
The ogre moves out of view.
The orc is engulfed in noxious fumes.
The orc appears confused.
The orc barely misses the orc.
The orc is engulfed in noxious fumes.
The orc appears confused.
The orc barely misses the orc.
You hit the orc. You bite the orc.
You kill the orc!
Vehumet accepts your kill.
The orc is engulfed in noxious fumes.
The orc appears confused.
The orc is engulfed in noxious fumes.
The orc appears confused.
The orc is engulfed in noxious fumes.
The orc appears confused.
An ice beast comes into view.
Things that are here:
a club; an orc corpse You hit the orc.
You kill the orc!
Vehumet accepts your kill.
You feel your power returning.
You regained 2 mp, and now have 20/21 mp.
You hit the orc priest. You bite the orc priest.
The orc priest is heavily wounded.
You sock the ogre! You bite the ogre, but do no damage.
The ogre is heavily wounded.
The ogre hits you with a giant club!
The orc priest hits the ogre with a trident.
You take 8 damage, and have 50/65 hp.
You barely miss the ogre. You bite the ogre, but do no damage.
The ogre is heavily wounded.
The ogre closely misses you.
The orc shouts, "What's happening?!"
The orc barely misses itself.
You closely miss the ogre. You bite the ogre, but do no damage.
The ogre is heavily wounded.
The ogre closely misses you.
MP restored: 21 You hit the ogre.
Your bite misses the ogre.
The ogre is heavily wounded.
The ogre barely misses you.
The ice beast hits you but does no damage.
You hit the ogre.
The ogre is severely wounded.
The ice beast barely misses you. The ogre hits you with a giant club!
The ice beast barely misses you.
You take 13 damage, and have 38/65 hp.
You sock the ogre!
The ogre is almost dead.
The orc priest seems less confused.
The orc priest mumbles some strange prayers to Beogh against you.
Beogh smites you!
* * * LOW HITPOINT WARNING * * *
The ogre hits you with a giant club!
* * * LOW HITPOINT WARNING * * *
The ice beast hits you.
* * * LOW HITPOINT WARNING * * *
The ice beast freezes you. You resist.
* * * LOW HITPOINT WARNING * * *
You take 29 damage, and have 9/65 hp.
MASSIVE DAMAGE!!
The orc priest calls upon Beogh to heal the orc.
The orc's wounds heal themselves!
Casting: Mephitic Cloud (safe; 11% risk of failure)
Confirm with . or Enter, or press ? or * to list all spells.
Aiming: Magic Dart (safe; 3% risk of failure)
Press: ? - help, Shift-Dir - straight line, f - ogre
Aim: an ogre, wielding a giant club (almost dead)
The magic dart hits the ogre.
You kill the ogre!
Vehumet accepts your kill.
You feel your power returning.
Your Fighting skill increases to level 4!
Your Short Blades skill increases to level 4!
Your Long Blades skill increases to level 4!
Your Axes skill increases to level 4!
Your Maces & Flails skill increases to level 4!
Your Polearms skill increases to level 4!
Your Staves skill increases to level 4!
Your Slings skill increases to level 4!
Your Bows skill increases to level 4!
Your Crossbows skill increases to level 4!
Your Throwing skill increases to level 4!
Your Armour skill increases to level 4!
Your Shields skill increases to level 4!
Your Unarmed Combat skill increases to level 4!
Your Conjurations skill increases to level 4!
Your Summonings skill increases to level 4!
Your Translocations skill increases to level 4!
Your Evocations skill increases to level 4!
Unknown command.
Unknown command.
Casting: Magic Dart (safe; 3% risk of failure)
Confirm with . or Enter, or press ? or * to list all spells.
Aiming: Mephitic Cloud (safe; 11% risk of failure)
Press: ? - help, Shift-Dir - straight line, f - orc priest
Aim: an orc priest, wielding a trident (moderately wounded)
Okay, then.
Casting: Mephitic Cloud (safe; 11% risk of failure)
Confirm with . or Enter, or press ? or * to list all spells.
You can't see any susceptible monsters within range! (Use Z to cast anyway.) Unknown command.
The orc priest calls down the wrath of Beogh upon you.
Beogh smites you!
You die...

#.....(..............#
#..>......#.......#...
#.....................
#.........#...[...#...
#.................#...
##.........#...###.#...
###.....#####.)#...#[...#
##...##.......o####..)...#
#........@.Y...###.....#..
######.<.......#...###).#
##..........### #...
#........### ..#
########## ###


You could see an ice beast and an orc priest.

Vanquished Creatures
  Grinder (D:5)
  Sigmund (D:2)
  Edmund (D:6)
  Duvessa (D:6)
  2 sky beasts (D:5)
  3 ogres
  2 phantoms (D:5)
  2 scorpions
  Dowan (D:6)
  5 killer bees (D:6)
  A crimson imp (D:5)
  A bullfrog zombie (D:5)
  A hound (D:5)
  A gnoll shaman (D:5)
  An orc priest (D:6)
  3 orc wizards (D:5)
  Ijyb (D:5)
  A worker ant zombie (D:5)
  Robin (D:3)
  3 gnolls (D:5)
  A howler monkey skeleton (D:5)
  6 adders
  A shadow imp (D:4)
  An adder zombie (D:6)
  A worm (D:4)
  2 dart slugs
  6 leopard geckos
  22 orcs
  4 bats
  8 giant cockroaches
  13 goblins
  7 hobgoblins
  7 jackals
  8 kobolds
  A ball python (D:3)
  8 frilled lizards
  A jackal skeleton (D:4)
  A jackal zombie (D:5)
  6 rats
137 creatures vanquished.

Notes
Turn   | Place    | Note
-------+----------+-------------------------------------------
     0 | D:1      | Monsterracer the Gnoll Wizard began the quest for the Orb.
     0 | D:1      | Reached XP level 1. HP: 13/13 MP: 8/8
   220 | D:1      | Reached XP level 2. HP: 19/19 MP: 8/10
   666 | D:1      | Learned a level 2 spell: Blink
   839 | D:1      | Reached XP level 3. HP: 25/25 MP: 7/11
   844 | D:1      | Learned a level 3 spell: Conjure Flame
   848 | D:1      | Learned a level 3 spell: Mephitic Cloud
  1076 | D:2      | Learned a level 1 spell: Apportation
  1076 | D:2      | Found a stormy altar of Qazlal.
  1591 | D:2      | Noticed Sigmund
  1731 | D:2      | HP: 9/25 [Sigmund/scythe (13)]
  1732 | D:2      | Killed Sigmund
  1732 | D:2      | Reached skill level 1 in Fighting
  1732 | D:2      | Reached skill level 1 in Short Blades
  1732 | D:2      | Reached skill level 1 in Long Blades
  1732 | D:2      | Reached skill level 1 in Axes
  1732 | D:2      | Reached skill level 1 in Maces & Flails
  1732 | D:2      | Reached skill level 1 in Polearms
  1732 | D:2      | Reached skill level 1 in Staves
  1732 | D:2      | Reached skill level 1 in Slings
  1732 | D:2      | Reached skill level 1 in Bows
  1732 | D:2      | Reached skill level 1 in Crossbows
  1732 | D:2      | Reached skill level 1 in Throwing
  1732 | D:2      | Reached skill level 1 in Armour
  1732 | D:2      | Reached skill level 1 in Shields
  1732 | D:2      | Reached skill level 1 in Unarmed Combat
  1732 | D:2      | Reached skill level 1 in Hexes
  1732 | D:2      | Reached skill level 1 in Charms
  1732 | D:2      | Reached skill level 1 in Necromancy
  1732 | D:2      | Reached skill level 1 in Transmutations
  1732 | D:2      | Reached skill level 1 in Fire Magic
  1732 | D:2      | Reached skill level 1 in Ice Magic
  1732 | D:2      | Reached skill level 1 in Air Magic
  1732 | D:2      | Reached skill level 1 in Earth Magic
  1732 | D:2      | Reached skill level 1 in Poison Magic
  1732 | D:2      | Reached skill level 1 in Invocations
  1732 | D:2      | Reached skill level 1 in Evocations
  1732 | D:2      | Reached XP level 4. HP: 12/32 MP: 3/13
  1732 | D:2      | Reached XP level 5. HP: 14/37 MP: 3/14
  2276 | D:3      | Found an ancient bone altar of Kikubaaqudgha.
  2638 | D:3      | Noticed Robin
  2646 | D:3      | Killed Robin
  2650 | D:3      | Reached XP level 6. HP: 42/44 MP: 6/16
  2788 | D:3      | Found a shimmering altar of Xom.
  3589 | D:4      | Reached skill level 5 in Dodging
  3670 | D:4      | Found a staircase to the Ecumenical Temple.
  3725 | D:4      | Found a burning altar of Makhleb.
  3791 | Temple   | Entered the Ecumenical Temple
  3804 | Temple   | Became a worshipper of Vehumet
  4569 | D:5      | Entered Level 5 of the Dungeon
  4586 | D:5      | Noticed a phantom
  4602 | D:5      | Reached XP level 7. HP: 45/50 MP: 2/18
  5149 | D:5      | Reached skill level 5 in Stealth
  5351 | D:5      | Noticed Ijyb
  5363 | D:5      | Noticed Grinder
  5364 | D:5      | Killed Ijyb
  5368 | D:5      | Paralysed by Grinder for 7 turns
  5375 | D:5      | HP: 15/51 [Grinder/nerve-wracking pain (13)]
  5377 | D:5      | Paralysed by Grinder for 2 turns
  5383 | D:5      | Paralysed by Grinder for 4 turns
  5392 | D:5      | HP: 6/51 [Grinder/nerve-wracking pain (12)]
  5687 | D:5      | Reached XP level 8. HP: 42/57 MP: 5/19
  5899 | D:5      | Paralysed by Grinder for 2 turns
  5906 | D:5      | Killed Grinder
  6106 | D:5      | Found a glowing golden altar of the Shining One.
  6108 | D:5      | Noticed an angel
  6259 | D:5      | Found a basalt altar of Yredelemnul.
  6411 | D:5      | Reached * piety under Vehumet
  6411 | D:5      | Offered knowledge of Sandblast by Vehumet.
  6546 | D:5      | Found a blossoming altar of Fedhas.
  6553 | D:5      | Found a hide-covered altar of Uskayaw.
  6553 | D:5      | Found a deep blue altar of Sif Muna.
  6564 | D:5      | Found a shadowy altar of Dithmenos.
  6902 | D:6      | Noticed Duvessa
  6902 | D:6      | Noticed Dowan
  6968 | D:6      | Reached skill level 8 in Spellcasting
  7205 | D:6      | Reached XP level 9. HP: 65/65 MP: 15/21
  7295 | D:6      | Found a hide-covered altar of Uskayaw.
  7324 | D:6      | Killed Dowan
  7351 | D:6      | Killed Duvessa
  7503 | D:6      | Noticed Edmund
  7607 | D:6      | Killed Edmund
  7660 | D:6      | Found a sacrificial altar of Ru.
  7729 | D:6      | HP: 24/65 [orc priest/divine providence (14)]
  7729 | D:6      | HP: 9/65 [ice beast (3)]
  7742 | D:6      | Killed from afar by an orc priest

Skill      XL: |  1  2  3  4  5  6  7  8  9 |
---------------+----------------------------+-----
Conjurations   | 2 3 4 |  4.0
Summonings     | 2 3 4 |  4.0
Translocations | 2 3 4 |  4.0
Fighting       | 1 2 3 4 |  4.0
Short Blades   | 1 2 3 4 |  4.0
Long Blades    | 1 2 3 4 |  4.0
Axes           | 1 2 3 4 |  4.0
Maces & Flails | 1 2 3 4 |  4.0
Polearms       | 1 2 3 4 |  4.0
Staves         | 1 2 3 4 |  4.0
Slings         | 1 2 3 4 |  4.0
Bows           | 1 2 3 4 |  4.0
Crossbows      | 1 2 3 4 |  4.0
Throwing       | 1 2 3 4 |  4.0
Armour         | 1 2 3 4 |  4.0
Shields        | 1 2 3 4 |  4.0
Unarmed Combat | 1 2 3 4 |  4.0
Hexes          | 1 2 3 |  3.2
Charms         | 1 2 3 |  3.2
Necromancy     | 1 2 3 |  3.2
Transmutations | 1 2 3 |  3.2
Fire Magic     | 1 2 3 |  3.2
Ice Magic      | 1 2 3 |  3.2
Air Magic      | 1 2 3 |  3.2
Earth Magic    | 1 2 3 |  3.2
Poison Magic   | 1 2 3 |  3.2
Invocations    | 1 2 3 4 |  4.4
Evocations     | 1 2 3 4 |  4.0
Dodging        | 5 6 |  6.1
Stealth        | 5 |  5.8
Spellcasting   | 8 |  8.2

Action                   |  1- 3 |  4- 6 |  7- 9 || total
-------------------------+-------+-------+-------++-------
Melee: Short sword       |     1 |    13 |       ||    14
       Trident           |       |     7 |   123 ||   130
       Bite              |       |     1 |    12 ||    13
       Punch             |       |       |     1 ||     1
       Flail             |       |       |    48 ||    48
 Cast: Magic Dart        |    81 |   131 |   229 ||   441
       Mephitic Cloud    |       |       |     2 ||     2
       Conjure Flame     |       |       |     8 ||     8
       Blink             |       |       |     1 ||     1
  Use: Scroll            |       |    11 |     9 ||    20
  Eat: Chunk             |     2 |     5 |     7 ||    14
       Ration            |       |     1 |     1 ||     2
Armor: Ring mail         |       |    18 |   111 ||   129
Dodge: Dodged            |    12 |    46 |   162 ||   220

Vault maps used:
D:1:      lemuel_arrival_lava_pool
D:2:      grunt_qazlal_sundering, first_ration, uniq_sigmund
D:3:      marbit_many_paths, nicolae_overflow_crystal_walls,
          kennysheep_generic_room_14, uniq_robin
D:4:      bloody_makhleb, temple_hall
D:5:      grunt_temple_overflow_holy_war,
          chequers_temple_overflow_statue_of_worship, lightli_corner_chamber,
          uniq_grinder, uniq_ijyb
D:6:      kennysheep_mini, basic_altar, tgw_xom, uniq_duvessa, uniq_edmund,
          uniq_eustachio
Temple:   compressed_dpeg_triangle_lava_temple
